 Dungeon Crawl Stone Soup version 0.25.1-2-g60ff931df9 (webtiles) character file.

Game seed: 12236216041811858623

34 HawFromDerth the Firebug (level 3, -1/26 HPs)
             Began as a Draconian Fire Elementalist on Sept 20, 2020.
             Slain by a goblin
             ... wielding a +0 club
              (4 damage)
             ... on level 2 of the Dungeon.
             The game lasted 00:04:17 (2292 turns).

HawFromDerth the Firebug (DrFE)                     Turns: 2292, Time: 00:04:18

Health: -1/26      AC:  5    Str: 10    XL:     3   Next: 14%
Magic:  3/6        EV:  7    Int: 16    God:
Gold:   89         SH:  9    Dex: 11    Spells: 5/6 levels left

rFire    . . .     SeeInvis .   e - +0 dagger
rCold    . . .     Gourm    .   f - +0 tower shield (curse)
rNeg     . . .     Faith    .   (armour unavailable)
rPois    .         Spirit   .   (helmet restricted)
rElec    .         Reflect  .   (no cloak)
rCorr    .         Harm     .   (no gloves)
MR       .....                  (no boots)
Stlth    ++........             (no amulet)
HPRegen  0.08/turn              (no ring)
MPRegen  0.10/turn              (no ring)

@: very slightly contaminated
A: unfitting armour, cold-blooded, AC +5
a: no special abilities


You were on level 2 of the Dungeon.
You were hungry.

You visited 1 branch of the dungeon, and saw 2 of its levels.

You collected 89 gold pieces.

Inventory:

Hand Weapons
 e - a +0 dagger (weapon)
Armour
 f - a cursed +0 tower shield (worn)
Scrolls
 d - a scroll of identify
Potions
 a - a potion of heal wounds
Comestibles
 b - 3 rations


   Skills:
 + Level 2.0 Dodging
 + Level 2.0 Stealth
 + Level 2.2 Spellcasting
 + Level 1.3 Conjurations
 + Level 3.7 Fire Magic


You had 5 spell levels left.
You knew the following spells:

 Your Spells              Type           Power        Failure   Level  Hunger
a - Foxfire               Conj/Fire      #...         88%         1    #......

Your spell library contained the following spells:

 Spells                   Type           Power        Failure   Level  Hunger
 Conjure Flame            Conj/Fire      #.......     99%         3    ###....
 Inner Flame              Hex/Fire       #.......     100%        3    ###....
 Sticky Flame             Conj/Fire      #.......     100%        4    #####..
 Fireball                 Conj/Fire      #.........   100%        5    ######.


Dungeon Overview and Level Annotations

Branches:
Dungeon (2/15)

Altars:


Innate Abilities, Weirdness & Mutations

Your plain brown scales are hard. (AC +5)
You cannot fit into any form of body armour.
You are cold-blooded and may be slowed by cold attacks.


Message History

You miscast Foxfire.
Nothing appears to happen.
Casting: Foxfire (safe; 88% risk of failure)
Confirm with . or Enter, or press ? or * to list all spells.
You miscast Foxfire.
Nothing appears to happen.
Casting: Foxfire (safe; 88% risk of failure)
Confirm with . or Enter, or press ? or * to list all spells.
You don't have enough magic to cast that spell.
A goblin comes into view. It is wielding a +0 club.
You block the goblin's attack.
Unknown command.
You barely miss the goblin. The goblin hits you with a +0 club.
* * * LOW HITPOINT WARNING * * *
You closely miss the goblin.
Your tail-slap misses the goblin.
The goblin hits you with a +0 club.
* * * LOW HITPOINT WARNING * * *
The goblin barely misses you.
You closely miss the goblin. The goblin hits you but does no damage.
You closely miss the goblin. The goblin closely misses you.
You hit the goblin but do no damage. The goblin hits you with a +0 club.
You die...

... #.# #.# ... ..#
#.# #.. #.# #.# #.#
#.# #.# #.# #.# #.#
#.# #.# #@# #.##
#.# #g# ...##
#.####.##
....#######.......#
.....w.....#####..#
...w.....### ####
..>..##### .<..##
...##


You could see a goblin.

Vanquished Creatures
  A gnoll (D:1)
  A giant cockroach (D:1)
  5 hobgoblins
  7 bats
  2 frilled lizards (D:1)
  5 goblins
  2 kobolds
  3 rats (D:1)
26 creatures vanquished.

Vanquished Creatures (others)
  77 foxfires
77 creatures vanquished.

Grand Total: 103 creatures vanquished

Notes
Turn   | Place    | Note
-------+----------+-------------------------------------------
     0 | D:1      | HawFromDerth the Draconian Fire Elementalist began the
                  | quest for the Orb.
     0 | D:1      | Reached XP level 1. HP: 14/14 MP: 3/3
    17 | D:1      | You fall into a shaft and drop 1 floor!
   411 | D:1      | Reached XP level 2. HP: 20/20 MP: 1/5
  1520 | D:1      | Reached XP level 3. HP: 26/26 MP: 3/6
  2292 | D:2      | Slain by a goblin

Illustrated notes

Levels and vault maps discovered:
D:1:      nzn_arrival_water_spiral, layout_basic, st_stairs_12,
          minmay_pentomino_u2
D:2:      layout_loops_ring, uniq_crazy_yiuf_cottage

Skill      XL: |  1  2 |
---------------+-------+-----
Dodging        | 2 |  2.0
Stealth        | 2 |  2.0
Spellcasting   | |  2.2
Conjurations   | |  1.3
Fire Magic     | |  3.7

Action                   || total
-------------------------++-------
Melee: Unarmed           ||     4
       Dagger            ||     9
 Cast: Foxfire           ||    45
  Use: Scroll            ||     4
       Potion            ||     2
 Stab: Sleeping          ||     2
  Eat: Chunk             ||     4
Armor: Skin              ||     7
Dodge: Dodged            ||    18
Block: Tower shield      ||     2
